 Dungeon Sprint DCSS version 0.22-s0-41-g8c2d6614bd (console) character file.

13400000 damerell the Axe Maniac (level 27, -77/249 HPs)
             Began as a Demonspawn Berserker on Feb 10, 2020.
             Was the Champion of Makhleb.
             Annihilated by a fleshlord
             ... wielding a +9 great mace
              (294 damage)
             ... in the Dungeon (Sprint VIII: "Arena of Blood").
             The game lasted 00:08:10 (134 turns).

damerell the Axe Maniac (Demonspawn Berserker)       Turns: 134, Time: 00:08:11

Health: -77/249    AC:  4    Str: 18    XL:     27
Magic:  0/54       EV: 39    Int: 10    God:    Makhleb [******]
Gold:   0          SH:  0    Dex: 30    Spells: 80/80 levels left

rFire    + . .     SeeInvis +   i - +∞ Axe of Woe
rCold    . . .     Gourm    .   (shield currently unavailable)
rNeg     + . .     Faith    .   a - +0 animal skin
rPois    .         Spirit   +   (helmet unavailable)
rElec    .         Warding  .   (no cloak)
rCorr    .         Reflect  .   (no gloves)
MR       ++...     Harm     .   (no boots) Stlth ++++++++++NoTele +
                                (no amulet)
HPRegen  0.51/turn              j - ring of see invisible
MPRegen  0.68/turn              (no ring)

@: hasted and slowed
A: horns 3, thin skeletal structure 3, fire resistance 1, ignite blood, negative
energy resistance 1, 50% torment resistance, magic shield, magic regeneration,
magic link, black mark, flame cloud immunity
a: Minor Destruction, Lesser Servant of Makhleb, Major Destruction, Greater
Servant of Makhleb, Renounce Religion


You were in the Dungeon.
You worshipped Makhleb.
Makhleb was exalted by your worship.
You were not hungry.

You visited 1 branch

Inventory:

Hand Weapons
 i - the +∞ Axe of Woe (weapon)
   (You found it in the Dungeon)
Armour
 a - a +0 animal skin (worn)
Jewellery
 j - a ring of see invisible (left hand)
   (You found it in the Dungeon)
Scrolls
 h - a scroll of blinking
Potions
 c - a potion of curing
 d - a potion of heal wounds
 f - a potion of magic
 g - a potion of berserk rage
Comestibles
 b - a bread ration


   Skills:
 O Level 27 Fighting
 O Level 27 Axes
 O Level 27 Throwing
 O Level 27 Armour
 O Level 27 Dodging
 O Level 27 Stealth
 O Level 27 Unarmed Combat
 O Level 27 Spellcasting
 O Level 27 Invocations


You had 80 spell levels left.
You didn't know any spells.
Your spell library was empty.

Dungeon Overview and Level Annotations

Branches:
Dungeon (1/1)

Altars:
Makhleb


Innate Abilities, Weirdness & Mutations

You have a pair of large horns on your head.
You have an unnaturally thin skeletal structure. (Dex +6, Stealth++)
Your flesh is heat resistant. (rF+)
Your demonic aura causes spilled blood to erupt in flames.
You resist negative energy. (rN+)
You are somewhat able to resist unholy torments (1 in 2 success).
When hurt, damage is shared between your health and your magic reserves.
You regenerate magic rapidly.
When low on magic, you restore magic in place of health.
Your melee attacks may debilitate your foes.
You are immune to clouds of flame.


Message History

The destroyer blinks!
You hear a shout!
A fleshlord comes into view. It is wielding a +9 great mace.
You hear a shout!
A bag of meat comes into view. It is wielding a +9 war axe.
You hear a shout! x2
You hear a shout! x5
An observer comes into view.
You hear a shout!
A bag of meat comes into view. It is wielding a +9 war axe.
You hear a shout! x4
A bag of meat comes into view. It is wielding a +9 war axe.
You hear a shout!
The destroyer is engulfed in blazing flames.
The destroyer completely misses you. The destroyer bites you!
The destroyer draws strength from your injuries!
You hear a shout!
The observer turns its gaze towards you.
You slice the destroyer like a ripe choko!!!
You pulverise the destroyer into a thin bloody mist.
You destroy the destroyer!
Makhleb accepts your kill.
You feel better.
You hear a shout! x4
The observer pulsates ominously.
The fleshlord gestures wildly while chanting.
The fleshlord seems to speed up.
A fleshlord comes into view. It is wielding a +9 great mace.
You hear a shout!
The dread throws damnation at you.
The sphere of damnation explodes!
The damnation engulfs you!
You hear a shout! x2; The fleshlord shouts!
You hear a shout! x2
Unknown command. 2 hell knights come into view.
You feel yourself speed up.
You hear a shout! x3
The fleshlord points at you and mumbles some strange words.
You feel yourself slow down.
You hear a shout! x4
The dread throws damnation at you.
The sphere of damnation explodes!
The damnation engulfs you!
You hear a shout! x2
A fleshlord comes into view. It is wielding a +9 great mace.
You hear a shout! x2
The fleshlord points at you and mumbles some strange words.
You already are as slow as you could be.
You hear a shout!
A meat berserker comes into view. It is wielding a +9 battleaxe.
You hear a shout!
A fleshlord comes into view. It is wielding a +9 great mace.
The bag of meat is engulfed in blazing flames.
Items here: )) == † a +9 war axe; a +30 ring of slaying; a +9 war axe; a +30 ring of slaying a meat hydra corpse Unknown command.
You hear a shout! x4
The dread throws damnation at you.
The sphere of damnation explodes!
The damnation engulfs you!
The fleshlord casts a spell.
The fleshlord seems to speed up.
You hear a shout!
The fleshlord gestures wildly while chanting.
The fleshlord seems to speed up.
You hear a shout!
The fleshlord casts a spell.
The fleshlord seems to speed up.
You hear a shout! x3
The dread calls on the powers of darkness!
The meat berserker convulses!
The fleshlord convulses!
The bag of meat convulses!
The fleshlord convulses! x3
Your body is wracked with pain!
The bag of meat convulses!
The fleshlord convulses!
You hear a shout!
Unknown command.
You hit the fleshlord.
You hew the fleshlord savagely.
You kill the fleshlord!
Makhleb accepts your kill.
You feel better.
You slice the bag of meat like a ripe choko!!!
You cleave the bag of meat in twain.
You kill the bag of meat!
Makhleb accepts your kill.
You feel better.
You hear a shout! x4
The fleshlord mumbles some strange words.
The fleshlord seems to speed up.
You hear a shout!
A tyrant comes into view.
The fleshlord gestures wildly while chanting.
The fleshlord seems to speed up.
You hear a shout!
You feel yourself speed up.
You hear a shout! x7
The tyrant mumbles some strange words.
You hear a shout! x4
The bag of meat is engulfed in blazing flames.
You hear a shout!
The fleshlord hits you with a +9 great mace!!!!!!
Ouch! That really hurt!
You die...

###......)).......##
..........@p).......
.......##)##o#####.
........p))).§p.....
####...pp##D##oG....
.....XW.O.§.).......
#..X.X.))))#.#..o...
#..L..)))).........#
.#..X...))%.%.......
..#...))))....%.....
...G....)).........
...x.......x......
..x...#..))...#.. .
#.%...#.......#.. ...
....###......)###....
.........###)........
#........_.)........


You could see 2 tentacled monstrosities, a tyrant, an observer (invisible), 5
fleshlords, 2 large abominations, a dread, a meat berserker (berserk) and 3 bags
of meat.

Vanquished Creatures
  A hell knight (D)
  Sigmund (D)
  5 hell beasts (D)
  4 greater mummies (D)
  3 great orbs of eyes (D)
  4 wraiths (D)
  Harold (D)
  6 vampire knights (D)
  22 ogres (D)
  3 two-headed ogres (D)
  5 liches (D)
  3 hydras (D)
  39 orcs (D)
  5 phantoms (D)
  3 skeletal warriors (D)
  2 sea snakes (D)
  A large abomination (D)
  8 small abominations (D)
  6 crawling corpses (D)
122 creatures vanquished.

Vanquished Creatures (others)
  2 crawling corpses (D)
2 creatures vanquished.

Grand Total: 124 creatures vanquished

Notes
Turn   | Place    | Note
-------+----------+-------------------------------------------
     0 | D        | Found the +∞ Axe of Woe
     0 | D        | damerell the Demonspawn Berserker began the quest for the
                  | Orb.
     0 | D        | Reached XP level 1. HP: 18/18 MP: 1/1
     2 | D        | Noticed a bag of meat
     2 | D        | Noticed a bag of meat
     2 | D        | Noticed a bag of meat
     3 | D        | Noticed a bag of meat
     4 | D        | Killed a bag of meat
     4 | D        | Gained mutation: You have a pair of small horns on your
                  | head. [demonic ancestry]
     4 | D        | Reached XP level 2. HP: 40/40 MP: 2/2
     4 | D        | Gained mutation: You have a pair of horns on your head.
                  | [demonic ancestry]
     4 | D        | Reached XP level 3. HP: 46/46 MP: 3/3
     4 | D        | Gained mutation: You have a pair of large horns on your
                  | head. [demonic ancestry]
     4 | D        | Reached XP level 4. HP: 53/53 MP: 4/4
     4 | D        | Reached XP level 5. HP: 59/59 MP: 5/5
     4 | D        | Reached XP level 6. HP: 66/66 MP: 6/6
     4 | D        | Reached XP level 7. HP: 72/72 MP: 7/7
     4 | D        | Reached XP level 8. HP: 79/79 MP: 8/8
     4 | D        | Gained mutation: You have a somewhat thin skeletal
                  | structure. (Dex +2, Stealth) [demonic ancestry]
     4 | D        | Reached XP level 9. HP: 85/85 MP: 9/9
     4 | D        | Gained mutation: You have a moderately thin skeletal
                  | structure. (Dex +4, Stealth+) [demonic ancestry]
     4 | D        | Reached XP level 10. HP: 92/92 MP: 10/10
     4 | D        | Gained mutation: Your flesh is heat resistant. (rF+)
                  | [demonic ancestry]
     4 | D        | Reached XP level 11. HP: 98/98 MP: 11/11
     4 | D        | Noticed a bag of meat
     5 | D        | Fell from the grace of Trog
     5 | D        | Became a worshipper of Makhleb the Destroyer
     5 | D        | Noticed a bag of meat
     6 | D        | Noticed a bag of meat
     7 | D        | Killed a bag of meat
     7 | D        | Reached skill level 15 in Fighting
     7 | D        | Reached XP level 12. HP: 110/110 MP: 12/12
     8 | D        | Killed a bag of meat
     8 | D        | Reached * piety under Makhleb
     8 | D        | Reached skill level 15 in Armour
     8 | D        | Reached skill level 15 in Dodging
     8 | D        | Reached XP level 13. HP: 119/119 MP: 13/13
     8 | D        | Noticed a bag of meat
    10 | D        | Killed a bag of meat
    10 | D        | Gained mutation: You are immune to clouds of flame.
                  | [demonic ancestry]
    10 | D        | Reached XP level 14. HP: 129/129 MP: 14/14
    10 | D        | Killed a bag of meat
    10 | D        | Noticed a meat berserker
    11 | D        | Noticed a meat berserker
    12 | D        | Killed a bag of meat
    12 | D        | Reached ** piety under Makhleb
    12 | D        | Reached XP level 15. HP: 139/139 MP: 15/15
    15 | D        | Noticed a meat berserker
    17 | D        | Killed a meat berserker
    17 | D        | Noticed a meat berserker
    17 | D        | Noticed a meat berserker
    18 | D        | Killed a meat berserker
    18 | D        | Reached skill level 27 in Axes
    18 | D        | Reached XP level 16. HP: 100/155 MP: 16/16
    18 | D        | Reached *** piety under Makhleb
    18 | D        | Noticed a meat berserker
    20 | D        | Gained mutation: When hurt, damage is shared between your
                  | health and your magic reserves. [demonic ancestry]
    20 | D        | Reached XP level 17. HP: 147/166 MP: 17/17
    20 | D        | Noticed a meat berserker
    21 | D        | Noticed a large bag of meat
    22 | D        | Killed a meat berserker
    22 | D        | Reached **** piety under Makhleb
    22 | D        | Gained mutation: You regenerate magic rapidly. [demonic
                  | ancestry]
    22 | D        | Reached XP level 18. HP: 181/181 MP: 13/33
    22 | D        | Reached skill level 27 in Fighting
    22 | D        | Noticed a meat berserker
    23 | D        | Killed a meat berserker
    23 | D        | Reached ***** piety under Makhleb
    23 | D        | Reached skill level 27 in Armour
    23 | D        | Reached skill level 27 in Dodging
    23 | D        | Killed a meat berserker
    23 | D        | Reached XP level 19. HP: 189/189 MP: 13/46
    25 | D        | Reached skill level 27 in Spellcasting
    25 | D        | Reached skill level 5 in Unarmed Combat
    25 | D        | Reached skill level 10 in Throwing
    25 | D        | Noticed a meat berserker
    25 | D        | Noticed a large bag of meat
    26 | D        | Killed a meat berserker
    26 | D        | Reached skill level 15 in Stealth
    26 | D        | Reached XP level 20. HP: 197/197 MP: 14/51
    26 | D        | Reached ****** piety under Makhleb
    26 | D        | Reached skill level 15 in Throwing
    26 | D        | Reached skill level 15 in Unarmed Combat
    26 | D        | Killed a meat berserker
    26 | D        | Gained mutation: When low on magic, you restore magic in
                  | place of health. [demonic ancestry]
    26 | D        | Reached XP level 21. HP: 204/204 MP: 14/52
    28 | D        | Reached skill level 27 in Invocations
    29 | D        | Killed a large bag of meat
    29 | D        | Gained mutation: You have an unnaturally thin skeletal
                  | structure. (Dex +6, Stealth++) [demonic ancestry]
    29 | D        | Reached XP level 22. HP: 212/212 MP: 12/53
    29 | D        | Reached skill level 27 in Stealth
    30 | D        | Noticed The Servant
    31 | D        | Killed a large bag of meat
    31 | D        | Reached skill level 27 in Throwing
    31 | D        | Reached skill level 27 in Unarmed Combat
    34 | D        | Gained mutation: You resist negative energy. (rN+) [demonic
                  | ancestry]
    34 | D        | Reached XP level 23. HP: 168/219 MP: 9/54
    35 | D        | Noticed a destroyer
    38 | D        | Noticed a destroyer
    41 | D        | Noticed a destroyer
    44 | D        | Killed a destroyer
    44 | D        | Gained mutation: You are somewhat able to resist unholy
                  | torments (1 in 2 success). [demonic ancestry]
    44 | D        | Reached XP level 24. HP: 124/227 MP: 4/54
    44 | D        | Noticed a destroyer
    45 | D        | Killed a destroyer
    46 | D        | Noticed an accursed
    46 | D        | Noticed a tyrant
    48 | D        | Gained mutation: Your demonic aura causes spilled blood to
                  | erupt in flames. [demonic ancestry]
    48 | D        | Reached XP level 25. HP: 234/234 MP: 4/54
    51 | D        | Killed a destroyer
    51 | D        | Noticed damerell's ghost (legendary DsGl)
    52 | D        | Noticed a destroyer
    52 | D        | Noticed an accursed
    54 | D        | Killed a tyrant
    55 | D        | Noticed a tyrant
    56 | D        | HP: 52/234 [The Servant/+9 glaive of flaming (48)]
    57 | D        | Killed The Servant
    57 | D        | Reached XP level 26. HP: 98/242 MP: 2/54
    57 | D        | Killed a destroyer
    59 | D        | Killed a destroyer
    60 | D        | Noticed The Captor
    63 | D        | Killed a tyrant
    66 | D        | Noticed a meat beast
    66 | D        | Noticed a dread
    67 | D        | Killed The Captor
    67 | D        | Gained mutation: Your melee attacks may debilitate your
                  | foes. [demonic ancestry]
    67 | D        | Reached XP level 27. HP: 238/249 MP: 7/54
    69 | D        | Killed an accursed
    69 | D        | Noticed a meat beast
    70 | D        | Noticed a dread
    72 | D        | Noticed a tyrant
    72 | D        | Killed a meat beast
    72 | D        | Noticed a meat beast
    73 | D        | Noticed a large bag of meat
    74 | D        | Killed a meat beast
    75 | D        | Noticed a dread
    77 | D        | Killed an accursed
    77 | D        | Witnessed revenge of damerell's ghost on an accursed.
    77 | D        | Killed a dread
    78 | D        | Killed a meat beast
    78 | D        | Killed a dread
    83 | D        | Killed a large bag of meat
    85 | D        | Killed a tyrant
    85 | D        | Noticed a meat beast
    88 | D        | Noticed a meat beast
    89 | D        | Noticed a tyrant
    90 | D        | Killed a meat beast
    91 | D        | Killed a dread
    95 | D        | Noticed a dread
    99 | D        | Killed a tyrant
    99 | D        | Noticed an accursed
   105 | D        | Noticed an accursed
   106 | D        | Killed a dread
   106 | D        | Killed a meat beast
   110 | D        | Noticed a tyrant
   111 | D        | Killed an accursed
   114 | D        | Killed an accursed
   116 | D        | Killed a tyrant
   125 | D        | Noticed a dread
   127 | D        | Noticed a destroyer
   127 | D        | Noticed a fleshlord
   128 | D        | Noticed a fleshlord
   130 | D        | Killed a destroyer
   130 | D        | Noticed a fleshlord
   131 | D        | Noticed a fleshlord
   131 | D        | Noticed a fleshlord
   131 | D        | Noticed a fleshlord
   131 | D        | Noticed a fleshlord
   133 | D        | Killed a fleshlord
   133 | D        | Noticed a tyrant
   134 | D        | Annihilated by a fleshlord

Vault maps used:
D:        meatsprint

Skill      XL: |  1  2  3  4  5  6  7  8  9 10 11 12 13 14 15 16 17 18 19 20 21 22 |
---------------+-------------------------------------------------------------------+-----
Fighting       | 13 15 16 17 19 22 24 26 27 | 27.0
Axes           | 16 18 20 21 23 27 | 27.0
Armour         | 12 14 15 16 18 20 22 25 27 | 27.0
Dodging        | 12 14 15 16 18 20 22 25 27 | 27.0
Spellcasting   | 11 23 27 | 27.0
Throwing       | 13 18 24 27 | 27.0
Stealth        | 15 19 26 27 | 27.0
Unarmed Combat | 14 18 24 27 | 27.0
Invocations    | 18 24 27 | 27.0

Action                   |  1- 3 |  4- 6 |  7- 9 | 10-12 | 13-15 | 16-18 | 19-21 | 22-24 | 25-27 || total
-------------------------+-------+-------+-------+-------+-------+-------+-------+-------+-------++-------
Melee: Executioner's axe |     1 |       |       |     2 |     4 |     3 |     4 |    10 |    53 ||    77
  Use: Potion            |       |       |       |       |       |       |       |       |     2 ||     2
Dodge: Dodged            |       |       |       |       |       |       |     2 |     3 |    17 ||    22

Table legend:
 A = Spawn XP
 B = Non-spawn XP
 C = Spawn XP percentage of total XP
 D = Spawn monster count
 E = Non-spawn monster count
 F = Spawn count percentage of total count
 G = Total turns spent on level
                    A         B        C        D         E        F      G
               +---------+---------+-------+---------+---------+-------+---------
         Total |       0 | 4098850 |   0.0 |       0 |     116 |   0.0 |   134
               +---------+---------+-------+---------+---------+-------+---------
             D |       0 | 4098850 |   0.0 |       0 |     116 |   0.0 |   134
               +---------+---------+-------+---------+---------+-------+---------
